 Dungeon Crawl Stone Soup version 0.30.1-4-g462c640d31 (webtiles) character file.

Game seed: 13234101373075240941

74 croobank the Sneak (level 4, -1/31 HPs)
             Began as an Octopode Delver on Aug 21, 2023.
             Slain by a white imp (4 damage)
             ... on level 3 of the Dungeon.
             The game lasted 00:03:57 (490 turns).

croobank the Sneak (Octopode Delver)                 Turns: 490, Time: 00:03:57

Health: -1/31      AC:  1    Str: 11    XL:     4   Next: 28%
Magic:  4/4        EV: 13    Int: 14    God:
Gold:   30         SH:  0    Dex: 13    Spells: 3/3 levels left

rFire   . . .        i - +0 dagger (venom)
rCold   . . .        (no shield)
rNeg    . . .        (helmet restricted)
rPois   .            (no amulet)
rElec   .            (no ring)
rCorr   .            (no ring)
SInv    .            (no ring)
Will    .....        (no ring)
Stlth   ++++         (no ring)
HPRegen 0.25/turn    (no ring)
MPRegen 0.09/turn    (no ring)
                     (no ring)

%: no passive effects
@: no status effects
A: almost no armour, amphibious, 8 rings, camouflage 1, gelatinous body 1,
(nimble swimmer 1), tentacles
a: no special abilities


You were on level 3 of the Dungeon.
You visited 1 branch of the dungeon, and saw 4 of its levels.

You collected 30 gold pieces.

Inventory:

Hand Weapons
 a - a +0 short sword
 i - a +0 dagger of venom (weapon)
Wands
 e - a wand of polymorph (13)
 f - a wand of digging (3)
Scrolls
 b - a scroll of fog
 c - a scroll of vulnerability {unknown}
 d - a scroll of immolation {unknown}
 g - a scroll of poison {unknown}
 h - a scroll of noise {unknown}
Potions
 j - a potion of heal wounds {unknown}


   Skills:
 + Level 3.5 Fighting
 + Level 2.8 Short Blades
 + Level 2.7 Dodging
 + Level 7.2 Stealth


You had 3 spell levels left.
You didn't know any spells.
Your spell library was empty.

Dungeon Overview and Level Annotations

Branches:
Dungeon (6/15)
 Temple: D:4-7

Altars:
Elyvilon
Kikubaaqudgha


Innate Abilities, Weirdness & Mutations

You cannot wear most types of armour.
You are amphibious.
You can wear up to eight rings at the same time.
Your skin changes colour to match your surroundings (Stealth+).
Your rubbery body absorbs attacks. (AC +1, EV +1)
((You are camouflaged when in or above water. (Stealth+)))
You have tentacles for arms and can constrict up to eight enemies at once.


Message History

Found a stone staircase leading up.
A rat comes into view.
The goblin shouts!
A kobold comes into view. It is wielding a +0 dagger.
A white imp comes into view.
The white imp shouts, "Out, out, thou mangled ill-breeding canker-blossom!"
The kobold shouts!
You hit the goblin but do no damage.
The goblin is poisoned.
You grab the goblin. You constrict the goblin. The white imp gestures at you.
The puff of frost hits you. The goblin misses you.
You hit the goblin.
The goblin looks as sick as possible!
The goblin is severely wounded.
You constrict the goblin.
You kill the goblin!
The white imp gestures at you. The puff of frost hits you!
The white imp gestures at you. The puff of frost hits you!
* * * LOW HITPOINT WARNING * * *
You are too injured to fight recklessly!
You are too injured to fight recklessly!
You barely miss the white imp. You grab the white imp.
You constrict the white imp, but do no damage.
You barely miss the white imp. You constrict the white imp.
The white imp hits you.
* * * LOW HITPOINT WARNING * * *
The white imp freezes you.
* * * LOW HITPOINT WARNING * * *
You hit the white imp.
You squeeze the white imp, but do no damage.
The white imp is moderately wounded.
You constrict the white imp. The white imp closely misses you.
You hit the white imp but do no damage.
You squeeze the white imp, but do no damage.
The white imp is moderately wounded.
You constrict the white imp. The white imp hits you.
* * * LOW HITPOINT WARNING * * *
The white imp freezes you.
You die...

r....................
............#.#...[..
. ##.....##...#......
.. #.....####.......[
...###....##
#........ .........#
#.#...... .###.....#
#.###.... #....).#
#.# ##..) #<.@...#
#.# #... ##5....# #.#
##.# .K##.### #.# #.#
..#. #.# #.# #.. #.#
. #.# #.# ### # .#
#.# #.# # #. ..# # #
## . #


You could see a white imp and a kobold.

Vanquished Creatures
  A hound (D:4)
  3 adders
  A dart slug (D:4)
  3 goblins
  2 hobgoblins
  A kobold (D:4)
  A quokka (D:3)
  2 ball pythons (D:3)
  A bat (D:3)
15 creatures vanquished.

Notes
Turn   | Place    | Note
-------+----------+-------------------------------------------
     0 | D:5      | croobank the Octopode Delver began the quest for the Orb.
     0 | D:5      | Reached XP level 1. HP: 16/16 MP: 1/1
     1 | D:6      | Noticed a bullfrog
     4 | D:6      | Noticed an orc wizard
    11 | D:6      | Noticed an iguana
    62 | D:5      | Noticed an orc priest
   108 | D:5      | Noticed a killer bee
   143 | D:5      | Noticed a killer bee
   143 | D:5      | Noticed a killer bee
   143 | D:5      | Noticed a killer bee
   144 | D:5      | Noticed a killer bee
   146 | D:4      | Noticed a sleepcap
   148 | D:4      | Noticed a scorpion
   162 | D:4      | Noticed a hound
   186 | D:4      | Noticed a black bear
   187 | D:4      | Found an ancient bone altar of Kikubaaqudgha.
   188 | D:4      | Noticed an iguana
   210 | D:5      | Noticed an ogre
   212 | D:5      | Reached XP level 2. HP: 18/21 MP: 2/2
   245 | D:4      | Reached skill level 7 in Stealth
   245 | D:4      | Reached XP level 3. HP: 26/26 MP: 3/3
   292 | D:4      | Found a white marble altar of Elyvilon.
   388 | D:3      | Reached XP level 4. HP: 31/31 MP: 4/4
   490 | D:3      | Slain by a white imp

Illustrated notes

Levels and vault maps discovered:
D:3:      layout_basic, overflow_temple_1_default, minmay_unequal
D:4:      layout_loops_cross, mainiacjoe_overflow_chevrons,
          nicolae_elyvilon_temple_path, minmay_temple_entry_poolview
D:5:      layout_loops_ring, kennysheep_little_box,
          nicolae_ossuary_entry_catacombs, chequers_serial_rivers_micro_b,
          kennysheep_flooded_box
D:6:      layout_rooms, doesnt_xom_only_xom, minmay_misc_feat_iff,
          amcnicky_mini_pool_medium

Skill      XL: |  1  2 |
---------------+-------+-----
Stealth        | 7 |  7.2
Fighting       | |  3.5
Short Blades   | |  2.8
Dodging        | |  2.7

Action                     |  1- 3 |  4- 6 || total
---------------------------+-------+-------++-------
  Melee: Short sword       |    19 |       ||    19
         Tentacles         |     4 |     2 ||     6
         Constrict         |     3 |     5 ||     8
         Dagger            |       |    19 ||    19
    Use: Scroll            |     2 |       ||     2
         Potion            |     1 |       ||     1
   Stab: Sleeping          |     5 |     1 ||     6
 Armour: Skin              |       |     1 ||     1
  Dodge: Dodged            |     9 |    13 ||    22
